 Dungeon Crawl Stone Soup version 0.24.1-8-ga250c9d538 (webtiles) character file.

Game seed: 17172998893695970804, levelgen mode: deterministic

134 Hugehornet the Insei (level 5, -6/34 HPs)
             Began as an Octopode Transmuter on May 5, 2020.
             Killed by nerve-wracking pain
             ... invoked by an orc priest
              (10 damage)
             ... on level 3 of the Dungeon.
             The game lasted 00:05:28 (2950 turns).

Hugehornet the Insei (Octopode Transmuter)          Turns: 2950, Time: 00:05:29

Health: -6/34      AC:  2    Str: 10    XL:     5   Next: 17%
Magic:  6/8        EV: 20    Int: 16    God:
Gold:   76         SH:  0    Dex: 17    Spells: 2/8 levels left

rFire    . . .     SeeInvis .     - Unarmed
rCold    . . .     Gourm    .   (shield currently unavailable)
rNeg     . . .     Faith    .   (helmet currently unavailable)
rPois    x         Spirit   .   (no amulet)
rElec    .         Reflect  .   (no ring)
rCorr    .         Harm     .   (no ring)
MR       .....                  (no ring)
Stlth    ++........             (no ring)
HPRegen  0.11/turn              (no ring)
MPRegen  0.11/turn              (no ring)
                                (no ring)
                                (no ring)

@: spider-form (expiring)
A: tiny, almost no armour, stealthy swim, (amphibious), 8 rings, (constrict 8)
a: End Transformation


You were on level 3 of the Dungeon.
You were hungry.
You were a venomous arachnid creature.
You visited 1 branch of the dungeon, and saw 3 of its levels.

You collected 76 gold pieces.

Inventory:

Missiles
 a - 37 arrows
Wands
 n - a wand of acid (5)
Scrolls
 b - a scroll of noise {unknown}
 d - 2 scrolls of remove curse {unknown}
 e - 2 scrolls of fog {unknown}
 f - 5 scrolls of teleportation
 j - a scroll of fear {unknown}
 l - 2 scrolls of enchant weapon {unknown}
 o - a scroll of immolation {unknown}
Potions
 g - 2 potions of mutation
 i - 2 potions of heal wounds
 k - a potion of ambrosia
Comestibles
 c - 5 rations
 m - 9 chunks of flesh


   Skills:
 + Level 1.8 Fighting
 + Level 2.4 Dodging
 + Level 2.0 Stealth
 * Level 3.8 Unarmed Combat
 + Level 2.4 Spellcasting
 * Level 3.1 Transmutations
 + Level 0.3 Poison Magic


You had 2 spell levels left.
You knew the following spells:

 Your Spells              Type           Power        Failure   Level  Hunger
a - Beastly Appendage     Tmut           ##....       16%         1    #......
b - Sticks to Snakes      Tmut           ##......     22%         2    ###....
c - Spider Form           Tmut/Pois      #.........   50%         3    ###....

Your spell library contained the following spells:

 Spells                   Type           Power        Failure   Level  Hunger
 Ice Form                 Ice/Tmut       #.......     87%         4    #####..
 Blade Hands              Tmut           ##........   94%         5    ######.


Dungeon Overview and Level Annotations

Branches:
Dungeon (3/15)

Altars:
Elyvilon
Okawaru
Sif Muna
Vehumet


Innate Abilities, Weirdness & Mutations

You cannot wear most types of armour.
You are very stealthy in the water. (Stealth+)
((You are amphibious.))
You can wear up to eight rings at the same time.
((You can use your tentacles to constrict eight enemies at once.))
((Your skin changes colour to match your surroundings (Stealth+).))
((Your rubbery body absorbs attacks. (AC +1, EV +1)))


Message History

You barely miss the hobgoblin.
The hobgoblin is severely wounded.
Your transformation is almost over.
You hit the hobgoblin.
You kill the hobgoblin!
You hit the orc priest.
The orc priest is lightly wounded.
The orc priest closely misses you.
You hit the orc priest.
The orc priest is heavily wounded.
The orc priest completely misses you.
You completely miss the orc priest.
The orc priest is heavily wounded.
The orc priest barely misses you.
You hit the orc priest but do no damage.
The orc priest is poisoned.
The orc priest is heavily wounded.
The orc priest invokes the aid of Beogh against you.
Pain shoots through your body!
You die...

###### .....## ......##
.......# ##########
.......# #.....soo#
.......#####.#####o.....
.........(....# .....
.......#####....... <...
......## #.####.. .>.
.....## ### ## ###..#
##.##### #.....#


You could see an orc priest and 2 orcs.

Vanquished Creatures
  3 gnolls (D:2)
  An adder (D:2)
  3 worms (D:2)
  A dart slug (D:2)
  2 orcs (D:3)
  4 giant cockroaches
  12 goblins
  11 hobgoblins
  6 jackals (D:1)
  2 quokkas (D:2)
  2 ball pythons (D:1)
  5 bats
  3 frilled lizards (D:1)
  11 kobolds
  15 rats
81 creatures vanquished.

Notes
Turn   | Place    | Note
-------+----------+-------------------------------------------
     0 | D:1      | Hugehornet the Octopode Transmuter began the quest for the
                  | Orb.
     0 | D:1      | Reached XP level 1. HP: 13/13 MP: 3/3
    90 | D:1      | Reached XP level 2. HP: 11/18 MP: 3/5
   256 | D:1      | Reached skill level 1 in Stealth
   509 | D:1      | Reached XP level 3. HP: 2/23 MP: 3/6
   805 | D:1      | Learned a level 2 spell: Sticks to Snakes
   809 | D:1      | Learned a level 3 spell: Spider Form
  1652 | D:2      | Found a radiant altar of Vehumet.
  1727 | D:2      | Reached XP level 4. HP: 28/28 MP: 3/7
  1890 | D:2      | Found an iron altar of Okawaru.
  1980 | D:2      | Found a white marble altar of Elyvilon.
  2112 | D:2      | Found a shimmering blue altar of Sif Muna.
  2866 | D:3      | Reached XP level 5. HP: 34/34 MP: 6/8
  2950 | D:3      | Killed from afar by an orc priest

Levels and vault maps discovered:
D:1:      minmay_arrival_stone_box, layout_basic
D:2:      layout_loops_ring, led_sif_pool, old_standard_altar,
          lemuel_coloured_pillars_altar, nicolae_overflow_hidden_temple,
          minmay_fractal_squares_gapless_5
D:3:      layout_rooms, nemelex_altar_shiori, yredelemnul_altar_generic,
          lightli_corner_chamber, uniq_sigmund, uniq_robin

Skill      XL: |  1  2  3  4 |
---------------+-------------+-----
Stealth        | 1 2 |  2.0
Transmutations | 3 |  3.1
Fighting       | |  1.8
Dodging        | |  2.4
Unarmed Combat | |  3.8
Spellcasting   | |  2.4
Poison Magic   | |  0.3

Action                   |  1- 3 |  4- 6 || total
-------------------------+-------+-------++-------
Melee: Unarmed           |    90 |    89 ||   179
       Constrict         |    31 |    19 ||    50
       Tentacles         |    16 |     8 ||    24
       Kick              |    16 |    15 ||    31
       Punch             |     2 |     1 ||     3
 Cast: Beastly Appendage |    21 |    15 ||    36
       Spider Form       |     1 |     1 ||     2
  Use: Scroll            |       |     4 ||     4
 Stab: Sleeping          |     6 |     3 ||     9
  Eat: Chunk             |     2 |     5 ||     7
Armor: Skin              |    10 |     2 ||    12
Dodge: Dodged            |    57 |    49 ||   106
